cohdb
Replays
Latest Replays
All Replays
Popular Replays
Top Player Replays
Match Explorer
How It Works
Community
CoH3 Stats
Reddit
Sign in to upload your games and track your stats! →
Sign in with Steam
Match 42816973
Unlisted
Match 42816973
Overview
Messages
Build Orders
End
Royal Engineer Section
Selects Indian Artillery Battlegroup
Vickers Machine Gun Team
Construct Section Command Post
Dingo Light Scout Car
Infantry Section
Infantry Section
Selects War Cry
Grenade Package
Construct Platoon Command Post
6-pounder Anti-tank Gun Team
Construct Company Command Post
Selects Gurkha Rifles Section
Selects Pillage
Gurkha Rifles Section
Crusader II Medium Tank
Selects Towed ML 4.2-inch Heavy Mortar
Crusader II Medium Tank
Mordja
Gacyr
ConcernedApe
I AM NOOB
0
0
Comments
sign in to comment!
No comments posted yet!